[Event "Titled Tuesday Blitz April 25 Late 2023"]
[White "Ardila, Oscar Humberto"]
[Black "Arencibia Monduy, Antonio"]
[WhiteFideId "4404742"]
[BlackFideId "3507939"]
[WhiteElo "1918"]
[BlackElo "2122"]
[Result "0-1"]
[Round "10"]
[TimeControl "180+2"]
[Date "2023.04.25"]
[WhiteClock "0:01:20"]
[BlackClock "0:02:08"]

1. d4 Nf6 2. c4 e6 3. Nc3 d5 4. Nf3 Be7 5. Bg5 Ne4 6. Bxe7 Qxe7 7. Nxe4 dxe4 8. Nd2 f5 9. e3 O-O 10. Be2 e5 11. dxe5 Qxe5 12. Qc2 Nc6 13. a3 Be6 14. O-O Rad8 15. b4 f4 16. c5 f3 17. gxf3 Rxd2 18. Qxd2 exf3 19. Kh1 fxe2 20. Qxe2 Nd4 21. Qd3 Bd5+ 22. f3 Nxf3 0-1


[Site "https://www.chess.com"]

[Event "Titled Tuesday Blitz April 25 Late 2023"]
[White "Albuquerque Junior,Wellington S."]
[Black "Kovalevsky, Stanislav"]
[WhiteFideId "2151480"]
[BlackFideId "13508598"]
[WhiteElo "2109"]
[BlackElo "2174"]
[Result "1-0"]
[Round "10"]
[TimeControl "180+2"]
[Date "2023.04.25"]
[WhiteClock "0:01:19"]
[BlackClock "0:01:50"]

1. c4 e6 2. g3 d5 3. Bg2 c6 4. Nf3 Nd7 5. b3 Ngf6 6. O-O a6 7. Bb2 b5 8. d3 Bb7 9. Nbd2 a5 10. cxb5 cxb5 11. Rc1 Bd6 12. e4 Qb8 13. Nd4 b4 14. Nb5 Bc5 15. d4 Bb6 16. e5 Ne4 17. Nxe4 dxe4 18. Nd6+ Ke7 19. Qh5 g6 20. Qh4+ f6 21. Nxb7 Qxb7 22. Bxe4 Qa7 23. Bxa8 Rxa8 24. exf6+ Kd6 25. Qf4+ Kd5 26. Qf3+ Kd6 27. Qc6# 1-0


[Site "https://www.chess.com"]

[Event "Titled Tuesday Blitz April 25 Late 2023"]
[White "Garmash, Aliona"]
[Black "Gonzalez Zamora, Juan Carlos"]
[WhiteFideId "34127620"]
[BlackFideId "3507548"]
[WhiteElo "1959"]
[BlackElo "2535"]
[Result "1-0"]
[Round "10"]
[TimeControl "180+2"]
[Date "2023.04.25"]
[WhiteClock "0:00:37"]
[BlackClock "0:00:58"]

1. d4 Nf6 2. c4 d6 3. Nc3 g6 4. e4 Bg7 5. Nf3 O-O 6. Be2 Bg4 7. Be3 Nfd7 8. Ng1 Bxe2 9. Ngxe2 e5 10. d5 f5 11. f3 Nf6 12. O-O Nbd7 13. b4 fxe4 14. fxe4 Ng4 15. Bd2 a5 16. a3 Rxf1+ 17. Qxf1 Qh4 18. h3 Rf8 19. Qe1 Qxe1+ 20. Rxe1 axb4 21. axb4 Ngf6 22. Ra1 Nb6 23. c5 Nc4 24. Bg5 Nd7 25. c6 bxc6 26. dxc6 Ndb6 27. Ra7 h6 28. Bh4 Rc8 29. Nb5 Na8 30. Nec3 Ncb6 31. Bf2 Bf8 32. Bxb6 cxb6 33. Nd5 Kh8 34. c7 Kg7 35. Rxa8 Rxa8 36. Nxb6 Ra1+ 37. Kh2 d5 38. c8=Q Bxb4 39. Qd7+ Kf6 40. Nxd5+ Kg5 41. Qg4# 1-0


[Site "https://www.chess.com"]

[Event "Titled Tuesday Blitz April 25 Late 2023"]
[White "Lorenzo De La Riva, Lazaro"]
[Black "Torres Dominguez, David"]
[WhiteFideId "2268809"]
[BlackFideId "2220857"]
[WhiteElo "2294"]
[BlackElo "1999"]
[Result "1-0"]
[Round "10"]
[TimeControl "180+2"]
[Date "2023.04.25"]
[WhiteClock "0:01:37"]
[BlackClock "0:00:04"]

1. Nf3 d5 2. b4 e6 3. b5 a6 4. e3 axb5 5. Bxb5+ Bd7 6. Be2 Nf6 7. Bb2 Be7 8. O-O O-O 9. c4 c5 10. cxd5 exd5 11. Nc3 Nc6 12. a4 d4 13. Nb5 Ne4 14. d3 Nd6 15. exd4 Nxb5 16. axb5 Nxd4 17. Nxd4 cxd4 18. Bxd4 Bxb5 19. Rxa8 Qxa8 20. Qb3 Bc6 21. Qb2 f6 22. Bg4 Bd6 23. Be6+ Kh8 24. h4 Qb8 25. Re1 Bh2+ 26. Kh1 Bd6 27. Bh3 b5 28. h5 h6 29. Qc2 Qb7 30. Re6 Rd8 31. f3 Bd5 32. Re1 Bf7 33. Qb2 Bf8 34. Bxf6 Bxh5 35. Bxd8 Bxf3 36. Qe5 1-0


[Site "https://www.chess.com"]

[Event "Titled Tuesday Blitz April 25 Late 2023"]
[White "Adewumi, Tanitoluwa"]
[Black "Golubev, Mikhail"]
[WhiteFideId "30966396"]
[BlackFideId "14100983"]
[WhiteElo "2283"]
[BlackElo "2374"]
[Result "0-1"]
[Round "10"]
[TimeControl "180+2"]
[Date "2023.04.25"]
[WhiteClock "0:00:01"]
[BlackClock "0:00:14"]

1. e4 c5 2. Nf3 d6 3. Bb5+ Bd7 4. Bxd7+ Nxd7 5. c3 Ngf6 6. Qe2 Rc8 7. O-O e6 8. d4 cxd4 9. cxd4 d5 10. e5 Ne4 11. Be3 Be7 12. Ne1 f5 13. exf6 Bxf6 14. f3 Nd6 15. Nd3 Nf5 16. Nc3 O-O 17. Kh1 Bxd4 18. Bxd4 Nxd4 19. Qe3 Qf6 20. Rae1 Rfe8 21. Qf2 b6 22. f4 Nc5 23. Ne5 Nf5 24. g4 Nd6 25. g5 Qf5 26. g6 h6 27. Qg2 Nde4 28. Nb5 a6 29. Nd4 Qf6 30. b4 Nd3 31. Nxd3 Qxd4 32. Ne5 Qxb4 33. Qe2 Qb5 34. Qg4 Rc2 35. f5 Nf2+ 36. Rxf2 Rxf2 37. Qh3 exf5 0-1


[Site "https://www.chess.com"]

[Event "Titled Tuesday Blitz April 25 Late 2023"]
[White "Hoffmann, Asa"]
[Black "Musovic, Armin"]
[WhiteFideId "2001470"]
[BlackFideId "939935"]
[WhiteElo "2117"]
[BlackElo "2322"]
[Result "0-1"]
[Round "10"]
[TimeControl "180+2"]
[Date "2023.04.25"]
[WhiteClock "0:00:08"]
[BlackClock "0:00:21"]

1. d4 d5 2. Bg5 c5 3. dxc5 f6 4. Bh4 Nc6 5. e4 e6 6. exd5 Qxd5 7. Qxd5 exd5 8. Nc3 Be6 9. Nb5 O-O-O 10. Nd6+ Bxd6 11. cxd6 Nh6 12. f3 Nf5 13. Bf2 Nxd6 14. O-O-O Rhe8 15. Ne2 Nf5 16. Nf4 Bf7 17. Bd3 Re5 18. g4 Nfd4 19. Bxd4 Nxd4 20. Rhf1 Re3 21. Bf5+ Nxf5 22. gxf5 g5 23. fxg6 hxg6 24. Rd3 d4 25. Rxe3 dxe3 26. Re1 g5 27. Ng2 Rh8 28. Nxe3 Rxh2 29. Nf5 Kd8 30. b3 Bg6 31. Nd4 Kd7 32. Re6 Bxc2 33. Rxf6 Bd3 34. Rf7+ Kd6 35. Rxb7 Rxa2 36. Rg7 Ke5 37. Nc6+ Kf4 38. Nb4 Ra1+ 39. Kb2 Rb1+ 40. Kc3 Be2 41. Rf7+ Ke5 42. Nc6+ Ke6 43. Re7+ Kd6 44. Rxe2 Kxc6 45. Rg2 Rc1+ 46. Kd4 Rc5 47. b4 Rf5 48. Rf2 Kb5 49. Kc3 a6 50. Kb3 Rf4 51. Ka3 g4 52. Rg2 Rxf3+ 53. Ka2 g3 54. Ka1 Rf1+ 55. Kb2 Rf2+ 0-1


[Site "https://www.chess.com"]

[Event "Titled Tuesday Blitz April 25 Late 2023"]
[White "Alexikov, Alexander"]
[Black "Liu, Eric"]
[WhiteFideId "14103958"]
[BlackFideId "30960240"]
[WhiteElo "2186"]
[BlackElo "2094"]
[Result "1/2-1/2"]
[Round "10"]
[TimeControl "180+2"]
[Date "2023.04.25"]
[WhiteClock "0:00:13"]
[BlackClock "0:01:30"]

1. e4 b6 2. d4 Bb7 3. Bd3 e6 4. Qe2 h5 5. f4 h4 6. Nh3 d6 7. O-O c5 8. c3 Nc6 9. d5 Nce7 10. c4 e5 11. Nc3 f6 12. a3 Qd7 13. b4 a5 14. bxc5 bxc5 15. Rb1 Nh6 16. fxe5 dxe5 17. Be3 Nc8 18. Nf2 Be7 19. Nb5 O-O 20. Rb2 Nd6 21. Bxh6 gxh6 22. Qh5 Rf7 23. Qxh4 f5 24. Qxh6 fxe4 25. Nxe4 Rxf1+ 26. Kxf1 Rf8+ 27. Kg1 Nf5 28. Qg6+ Ng7 29. d6 Bd8 30. Nbc3 Rf4 31. h3 Bc6 32. Rb8 Rf8 33. Nxc5 Qa7 34. Qh7+ Kf7 35. Qg6+ Kg8 36. Qh7+ Kf7 37. Qg6+ Kg8 1/2-1/2


[Site "https://www.chess.com"]

[Event "Titled Tuesday Blitz April 25 Late 2023"]
[White "Mickiewicz, Piotr"]
[Black "Moral Garcia, Serafin"]
[WhiteFideId "1114891"]
[BlackFideId "2201925"]
[WhiteElo "2246"]
[BlackElo "2274"]
[Result "1-0"]
[Round "10"]
[TimeControl "180+2"]
[Date "2023.04.25"]
[WhiteClock "0:00:37"]
[BlackClock "0:00:16"]

1. Nf3 Nf6 2. e3 g6 3. b3 Bg7 4. Bb2 O-O 5. c4 c5 6. Be2 Nc6 7. O-O d5 8. cxd5 Qxd5 9. d3 b6 10. Nbd2 Bb7 11. a3 Rfd8 12. Qc2 Rac8 13. Rac1 e5 14. Qb1 h6 15. Rfd1 Qe6 16. b4 cxb4 17. axb4 Nd5 18. b5 Na5 19. g3 f6 20. e4 Ne7 21. Bc3 a6 22. d4 exd4 23. Nxd4 Qd7 24. bxa6 Ba8 25. Qa2+ Kh7 26. Ne6 Re8 27. Nxg7 Kxg7 28. Nc4 Qe6 29. e5 f5 30. Rd6 Qg8 31. e6+ Kh7 32. Nxb6 Rc5 33. Nxa8 Rxa8 34. Rd7 Qe8 35. Qa3 Rac8 36. a7 Nc4 37. Bxc4 1-0


[Site "https://www.chess.com"]

[Event "Titled Tuesday Blitz April 25 Late 2023"]
[White "Mikhalsky, Vladimir"]
[Black "Rodriguez Santiago, Jaime"]
[WhiteFideId "14144352"]
[BlackFideId "3100898"]
[WhiteElo "2236"]
[BlackElo "2025"]
[Result "1-0"]
[Round "10"]
[TimeControl "180+2"]
[Date "2023.04.25"]
[WhiteClock "0:00:57"]
[BlackClock "0:00:03"]

1. c3 Nf6 2. d3 e6 3. g3 d5 4. Bg2 c5 5. Nf3 Nc6 6. O-O b6 7. Nbd2 Bb7 8. e4 dxe4 9. dxe4 Be7 10. e5 Nd7 11. Re1 Qc7 12. Nc4 O-O 13. Bf4 Rad8 14. Qc2 h6 15. h4 Ba6 16. Nd6 Bxd6 17. exd6 Qc8 18. Rad1 Rfe8 19. c4 e5 20. Bc1 Nd4 21. Nxd4 exd4 22. Bf4 Bb7 23. Re7 Bxg2 24. Kxg2 Rxe7 25. dxe7 Re8 26. Re1 Qc6+ 27. Qe4 Qxe4+ 28. Rxe4 f5 29. Re1 Kf7 30. Bd6 Nf6 31. f3 g5 32. hxg5 hxg5 33. Re5 Kg6 34. Re6 Kf7 35. Re5 Kg6 36. b4 d3 37. Kf2 g4 38. bxc5 bxc5 39. Bxc5 gxf3 40. Kxf3 d2 41. Ke2 Ne4 42. Bb4 Kf6 43. Ra5 Nxg3+ 44. Kxd2 Ne4+ 45. Ke3 Ke6 46. Ra6+ Ke5 47. Ba3 f4+ 48. Kf3 Nd2+ 49. Kg4 Nxc4 50. Bc1 Ke4 51. Ra4 Kd3 52. Rxa7 Ne5+ 53. Kf5 Nc6 54. Rd7+ Kc2 55. Rc7 Kxc1 56. Rxc6+ Kb2 57. Ke6 f3 58. Kf7 f2 59. Rf6 f1=Q 60. Rxf1 Rxe7+ 61. Kxe7 Kxa2 62. Rf3 1-0


[Site "https://www.chess.com"]

[Event "Titled Tuesday Blitz April 25 Late 2023"]
[White "Sailer, Mike"]
[Black "Zakarian, David"]
[WhiteFideId "2012901"]
[BlackFideId "13301276"]
[WhiteElo "2109"]
[BlackElo "2306"]
[Result "0-1"]
[Round "10"]
[TimeControl "180+2"]
[Date "2023.04.25"]
[WhiteClock "0:00:07"]
[BlackClock "0:00:37"]

1. d4 Nf6 2. Bg5 Ne4 3. Bf4 d5 4. f3 Nf6 5. Nc3 a6 6. e4 e6 7. Qd2 Bb4 8. Bd3 c5 9. dxc5 d4 10. Bd6 dxc3 11. bxc3 Ba5 12. Ne2 b6 13. Qg5 Rg8 14. O-O-O bxc5 15. Bxc5 Nfd7 16. Qe3 Nxc5 17. Qxc5 Qb6 18. Qxc8+ Ke7 19. Qxg8 Ra7 20. Qxg7 Qe3+ 21. Rd2 Nd7 22. Qd4 Bb6 23. Qxe3 Bxe3 24. Rd1 Ne5 25. f4 Ng4 26. h3 Nf2 27. Rf1 Rd7 28. Rxf2 Bxf2 29. Rd1 Rb7 30. c4 Be3+ 31. Rd2 a5 32. Nc3 Kd6 33. g3 Kc5 34. Na4+ Kb4 35. Nb2 Ka3 36. Nd1 Bxd2+ 37. Kxd2 Kxa2 38. c5 Rc7 39. Ne3 Rxc5 40. Nc4 a4 41. e5 a3 42. Nd6 Ka1 43. c3 a2 44. Ne4 Rc7 45. Nf2 Kb2 46. Nd1+ Ka3 47. c4 a1=Q 48. Nc3 Rd7 0-1


[Site "https://www.chess.com"]

[Event "Titled Tuesday Blitz April 25 Late 2023"]
[White "D`Arruda, Ricardo D."]
[Black "Delorme, Alban"]
[WhiteFideId "100692"]
[BlackFideId "623636"]
[WhiteElo "2271"]
[BlackElo "2196"]
[Result "1-0"]
[Round "10"]
[TimeControl "180+2"]
[Date "2023.04.25"]
[WhiteClock "0:00:29"]
[BlackClock "0:00:01"]

1. g3 Nf6 2. Bg2 g6 3. e4 Bg7 4. d4 d6 5. Nc3 O-O 6. Nge2 c5 7. dxc5 dxc5 8. Qxd8 Rxd8 9. Be3 Na6 10. h3 Nb4 11. Rc1 Nd7 12. O-O Rb8 13. Rfd1 b6 14. f4 Ba6 15. a3 Bxe2 16. Nxe2 Bxb2 17. axb4 Bxc1 18. Rxc1 cxb4 19. Nd4 Rbc8 20. e5 Nc5 21. Nc6 Rd7 22. Nxb4 Nb3 23. Re1 Nd4 24. Be4 e6 25. Kf2 a5 26. Rd1 axb4 27. Rxd4 Rxd4 28. Bxd4 Rc4 29. Ke3 Kf8 30. Bd3 Rc8 31. Bxb6 Kg7 32. Bd4 h5 33. h4 Ra8 34. Bc5 Rb8 35. Bc4 Rc8 36. Kd4 Rd8+ 37. Bd6 Ra8 38. Bxb4 Ra1 39. Ke3 Ra4 40. c3 1-0


[Site "https://www.chess.com"]

[Event "Titled Tuesday Blitz April 25 Late 2023"]
[White "Toniutti, Ezio"]
[Black "Novikova, Galina"]
[WhiteFideId "113034"]
[BlackFideId "4157095"]
[WhiteElo "2215"]
[BlackElo "1953"]
[Result "0-1"]
[Round "10"]
[TimeControl "180+2"]
[Date "2023.04.25"]
[WhiteClock "0:00:02"]
[BlackClock "0:00:11"]

1. d4 Nf6 2. c4 g6 3. Nc3 Bg7 4. e4 d6 5. f4 O-O 6. Nf3 Nc6 7. d5 Nb8 8. Bd3 c5 9. O-O a6 10. a4 Ne8 11. e5 Bg4 12. Qe2 Nd7 13. e6 Ndf6 14. h3 Bxf3 15. Rxf3 fxe6 16. Qxe6+ Kh8 17. f5 Nc7 18. Qe2 gxf5 19. Bxf5 Qe8 20. Bd2 b5 21. axb5 axb5 22. Rxa8 Qxa8 23. Qxe7 Qa1+ 24. Kh2 Qxb2 25. Bg5 Nce8 26. Nxb5 Nxd5 27. Qe4 Be5+ 28. Kg1 Ndf6 29. Qh4 Rg8 30. Rf1 Qe2 31. Bg4 Qxc4 32. Nxd6 Qd4+ 33. Qf2 Qxd6 34. Bxf6+ Nxf6 35. Rd1 Bd4 36. Rxd4 cxd4 37. Bf5 Qe5 38. Qh4 Qe3+ 39. Kh2 Qg5 40. Qe4 Qg3+ 0-1


[Site "https://www.chess.com"]

[Event "Titled Tuesday Blitz April 25 Late 2023"]
[White "Skaric, Djuro"]
[Black "Pinto, Daniel"]
[WhiteFideId "934569"]
[BlackFideId "3303144"]
[WhiteElo "2282"]
[BlackElo "2145"]
[Result "0-1"]
[Round "10"]
[TimeControl "180+2"]
[Date "2023.04.25"]
[WhiteClock "0:00:11"]
[BlackClock "0:00:19"]

1. g3 c5 2. Bg2 Nc6 3. e4 g6 4. Nc3 Bg7 5. d3 e5 6. Nge2 Nge7 7. O-O O-O 8. f4 d6 9. Be3 Rb8 10. a4 a6 11. Qd2 b5 12. axb5 axb5 13. h3 b4 14. Nd1 Nd4 15. g4 f5 16. Bxd4 exd4 17. gxf5 gxf5 18. Ng3 d5 19. e5 c4 20. b3 Be6 21. Qf2 Nc6 22. dxc4 Qd7 23. c5 Qe7 24. Kh2 Kh8 25. Rg1 Nxe5 26. fxe5 Bxe5 27. Kh1 f4 28. Qe1 Qg5 29. Ne2 Qh5 30. Nf2 f3 31. Ng3 Bxg3 32. Qxe6 Bxf2 33. Rgf1 fxg2+ 34. Kxg2 Qf3+ 35. Kh2 Qg3+ 36. Kh1 Qf3+ 37. Kh2 Bg3+ 38. Kg1 Qe3+ 39. Qxe3 dxe3 40. Rxf8+ Rxf8 41. Kg2 Bh4 42. c6 e2 43. c7 e1=Q 44. Rxe1 Bxe1 0-1


[Site "https://www.chess.com"]

[Event "Titled Tuesday Blitz April 25 Late 2023"]
[White "Eidelman, Gabriel"]
[Black "Prydun, Andriy"]
[WhiteFideId "30910544"]
[BlackFideId "14145898"]
[WhiteElo "2209"]
[BlackElo "2164"]
[Result "0-1"]
[Round "10"]
[TimeControl "180+2"]
[Date "2023.04.25"]
[WhiteClock "0:00:03"]
[BlackClock "0:00:56"]

1. a3 d5 2. d4 Nd7 3. Nf3 Ngf6 4. e3 e6 5. c4 Be7 6. Nc3 O-O 7. Bd3 c6 8. O-O dxc4 9. Bxc4 b5 10. Bd3 a6 11. Bd2 c5 12. Rc1 Bb7 13. e4 cxd4 14. Nxd4 Nc5 15. Be3 Nxd3 16. Qxd3 e5 17. Rfd1 exd4 18. Bxd4 Rc8 19. Qg3 Qc7 20. e5 Ne4 21. Qg4 Qc6 22. Ne2 Qg6 23. Qh3 Ng5 24. Qd7 Rxc1 0-1


[Site "https://www.chess.com"]

[Event "Titled Tuesday Blitz April 25 Late 2023"]
[White "Fernandez, Maria Florencia"]
[Black "Bogaudinov, Rushan"]
[WhiteFideId "116459"]
[BlackFideId "4129288"]
[WhiteElo "2120"]
[BlackElo "1967"]
[Result "0-1"]
[Round "10"]
[TimeControl "180+2"]
[Date "2023.04.25"]
[WhiteClock "0:00:36"]
[BlackClock "0:01:07"]

1. d4 Nf6 2. c4 e6 3. Nc3 Bb4 4. a3 Bxc3+ 5. bxc3 O-O 6. f3 d6 7. e4 Nc6 8. Bg5 h6 9. Bh4 e5 10. Bd3 g5 11. Bf2 Nh5 12. Ne2 Nf4 13. Nxf4 gxf4 14. g3 Qf6 15. g4 exd4 16. cxd4 Nxd4 17. h4 c5 18. Rb1 Qe5 19. Kf1 b6 20. Kg2 Kh8 21. Qg1 Rg8 22. Qh2 Nxf3 23. Kxf3 Bxg4+ 24. Kg2 Be2+ 25. Bg3 Rxg3+ 26. Kf2 Bxd3 0-1


[Site "https://www.chess.com"]

[Event "Titled Tuesday Blitz April 25 Late 2023"]
[White "Prieto Aranguren, Alain"]
[Black "Melikhov, Evgeny V."]
[WhiteFideId "2268906"]
[BlackFideId "4122046"]
[WhiteElo "2209"]
[BlackElo "2158"]
[Result "1-0"]
[Round "10"]
[TimeControl "180+2"]
[Date "2023.04.25"]
[WhiteClock "0:00:17"]
[BlackClock "0:00:01"]

1. e4 c5 2. Bc4 e6 3. Nc3 d6 4. Qf3 Nf6 5. d3 Be7 6. Qg3 O-O 7. f4 d5 8. Bb3 Nc6 9. e5 Nh5 10. Qh3 g6 11. g4 Ng7 12. Nf3 Nd4 13. Nxd4 cxd4 14. Ne2 Bb4+ 15. Kf1 f6 16. exf6 Qxf6 17. Kg2 e5 18. Bxd5+ Be6 19. Bxe6+ Qxe6 20. Rf1 e4 21. Ng3 e3 22. Ne4 h5 23. f5 gxf5 24. gxf5 Rxf5 25. Rxf5 Qxf5 26. Qxf5 Nxf5 27. c3 dxc3 28. bxc3 Be7 29. Bb2 Kf7 30. Rf1 Ke6 31. c4 Bh4 32. Kf3 Rf8 33. Ke2 b6 34. d4 Be7 35. d5+ Kd7 36. Be5 Bc5 37. Nf6+ Rxf6 38. Bxf6 Nd6 39. Kd3 b5 40. cxb5 Nxb5 41. Bg5 Kd6 42. Bxe3 Bxe3 43. Kxe3 Nc3 44. a3 Nxd5+ 45. Kd4 Nc7 46. Rf6+ Kd7 47. Rh6 Nb5+ 48. Kd5 Nxa3 49. Rh7+ Ke8 50. Rxh5 Nb5 51. Rh7 a5 52. h4 a4 53. Kc4 Nd6+ 54. Kb4 Kf8 55. Kxa4 Kg8 56. Rh5 Kg7 57. Kb4 Kg6 58. Rg5+ Kf6 59. Rg1 Nf5 60. h5 Kf7 61. Kc5 1-0


[Site "https://www.chess.com"]

[Event "Titled Tuesday Blitz April 25 Late 2023"]
[White "Grinev, Valeriy"]
[Black "Osmonbekov, Talaibek"]
[WhiteFideId "14117517"]
[BlackFideId "2017253"]
[WhiteElo "2366"]
[BlackElo "2135"]
[Result "0-1"]
[Round "10"]
[TimeControl "180+2"]
[Date "2023.04.25"]
[WhiteClock "0:01:37"]
[BlackClock "0:01:29"]

1. e4 c5 2. Nc3 d6 3. Nf3 Nc6 4. Bb5 Bd7 5. O-O e5 6. Re1 Nf6 7. d3 Be7 8. h3 O-O 9. a3 a6 10. Bc4 b5 11. Ba2 Be6 12. Nd5 Qd7 13. Nb6 Qb7 14. Nxa8 Bxa2 15. Rxa2 Rxa8 16. Ra1 g6 17. Bg5 Nh5 18. Bxe7 Qxe7 19. g3 Rf8 20. Kg2 f5 21. exf5 Rxf5 22. c3 Qf7 23. Re3 Ne7 24. d4 Nd5 25. Re1 Nhf4+ 26. gxf4 Nxf4+ 27. Kg3 Nh5+ 28. Kg2 Nf4+ 29. Kh2 Nxh3 30. Kxh3 Rxf3+ 31. Kg2 Rxf2+ 32. Kg1 Qf4 33. Qg4 Qh2# 0-1


[Site "https://www.chess.com"]

[Event "Titled Tuesday Blitz April 25 Late 2023"]
[White "Simonovic, Miroslav"]
[Black "Srinath, Rao S.V."]
[WhiteFideId "919152"]
[BlackFideId "5028876"]
[WhiteElo "2042"]
[BlackElo "2196"]
[Result "0-1"]
[Round "10"]
[TimeControl "180+2"]
[Date "2023.04.25"]
[WhiteClock "0:00:01"]
[BlackClock "0:00:03"]

1. d4 Nf6 2. Bg5 g6 3. Bxf6 exf6 4. c4 Bg7 5. Nc3 O-O 6. g3 f5 7. e3 c6 8. Nge2 d5 9. cxd5 cxd5 10. Bg2 Be6 11. Nf4 Qa5 12. a3 Rd8 13. b4 Qc7 14. Nfxd5 Bxd5 15. Nxd5 Qd6 16. O-O Nc6 17. Rc1 Ne7 18. Nf4 Rab8 19. h4 a5 20. Qb3 axb4 21. Qxb4 Qxb4 22. axb4 Nc6 23. b5 Na7 24. b6 Nb5 25. Rc5 Nd6 26. Rfc1 Ne4 27. Rc7 Rd6 28. Rc8+ Rxc8 29. Rxc8+ Bf8 30. Re8 Rxb6 31. Bxe4 fxe4 32. Rxe4 Rb1+ 33. Kg2 b5 34. Re8 b4 35. Rb8 b3 36. Nd5 b2 37. h5 Kg7 38. Nf4 Ba3 39. Nd3 Rd1 40. Nxb2 Rb1 41. Rb3 Bxb2 42. hxg6 hxg6 43. Kf3 Kf6 44. g4 Ke6 45. Rb5 f5 46. gxf5+ gxf5 47. Ke2 Kd6 48. f3 Kc6 49. Rb3 Rh1 0-1


[Site "https://www.chess.com"]

[Event "Titled Tuesday Blitz April 25 Late 2023"]
[White "Bilan, Danila"]
[Black "Florianovitz, Derlei Alex"]
[WhiteFideId "24161918"]
[BlackFideId "2114178"]
[WhiteElo "2182"]
[BlackElo "1953"]
[Result "1-0"]
[Round "10"]
[TimeControl "180+2"]
[Date "2023.04.25"]
[WhiteClock "0:00:07"]
[BlackClock "0:00:10"]

1. d4 Nf6 2. Nf3 d5 3. c4 e6 4. Nc3 Bb4 5. Qb3 Bxc3+ 6. Qxc3 O-O 7. Bf4 c6 8. e3 Ne4 9. Qc2 Nd7 10. Bd3 Ndf6 11. h3 h6 12. O-O b6 13. cxd5 cxd5 14. Ne5 a5 15. Rac1 Ba6 16. a4 Bxd3 17. Qxd3 Nd6 18. b3 Rc8 19. Qa6 Nfe4 20. Rfd1 Rxc1 21. Rxc1 Nd2 22. Qd3 N2e4 23. f3 Nf6 24. Qa6 g5 25. Bg3 Nf5 26. Bf2 Nd7 27. Nc6 Qc8 28. Ne7+ Nxe7 29. Rxc8 Rxc8 30. Qb7 Rc1+ 31. Kh2 Nf5 32. Qxd7 Rc2 33. Bg1 Rb2 34. Qd8+ Kg7 35. Qxb6 Nh4 36. Kh1 Nxg2 37. Qxa5 Nh4 38. Qc3 Rb1 39. e4 Ng6 40. a5 Nf4 41. Kh2 Ne2 42. Qc2 Re1 43. Bf2 Ra1 44. Qxe2 Rxa5 45. exd5 exd5 46. Qe5+ Kg6 47. b4 Rb5 48. Qd6+ f6 49. Bg3 Rb7 50. Be5 Rf7 51. b5 Kf5 52. b6 fxe5 53. Qxe5+ Kg6 54. Qxd5 Rf5 55. Qe4 Kf6 56. b7 Rb5 57. Qc6+ 1-0


[Site "https://www.chess.com"]

[Event "Titled Tuesday Blitz April 25 Late 2023"]
[White "Mazurkiewicz, Michal"]
[Black "Antonova, Nadezhda"]
[WhiteFideId "1124943"]
[BlackFideId "14700182"]
[WhiteElo "2054"]
[BlackElo "1765"]
[Result "1-0"]
[Round "10"]
[TimeControl "180+2"]
[Date "2023.04.25"]
[WhiteClock "0:01:55"]
[BlackClock "0:02:15"]

1. e4 c6 2. d3 d5 3. Nd2 e5 4. Ngf3 Bd6 5. d4 Nd7 6. exd5 cxd5 7. dxe5 Nxe5 8. Nxe5 Bxe5 9. Nf3 Bd6 10. Bb5+ Bd7 11. Qxd5 Bb4+ 12. c3 Qe7+ 13. Be3 O-O-O 14. Bxd7+ Rxd7 15. Qc4+ Kb8 16. Qxb4 1-0


[Site "https://www.chess.com"]

[Event "Titled Tuesday Blitz April 25 Late 2023"]
[White "Figorito, Nick"]
[Black "Narva, Triin"]
[WhiteFideId "30923689"]
[BlackFideId "4502680"]
[WhiteElo "2036"]
[BlackElo "1944"]
[Result "1-0"]
[Round "10"]
[TimeControl "180+2"]
[Date "2023.04.25"]
[WhiteClock "0:02:07"]
[BlackClock "0:00:35"]

1. Nf3 d5 2. g3 c5 3. Bg2 Nc6 4. d4 Nf6 5. O-O e6 6. c4 cxd4 7. Nxd4 Be7 8. Nc3 Nxd4 9. Qxd4 dxc4 10. Qxc4 O-O 11. Be3 Qa5 12. Qb5 Bb4 13. Qxa5 Bxa5 14. Rac1 e5 15. Bg5 Nd7 16. Nd5 Kh8 17. b4 h6 18. Be7 Re8 19. bxa5 1-0


[Site "https://www.chess.com"]

[Event "Titled Tuesday Blitz April 25 Late 2023"]
[White "Allahverdiyeva, Ayan"]
[Black "Romero Ruscalleda, Josep"]
[WhiteFideId "13412590"]
[BlackFideId "2231859"]
[WhiteElo "1980"]
[BlackElo "2183"]
[Result "0-1"]
[Round "10"]
[TimeControl "180+2"]
[Date "2023.04.25"]
[WhiteClock "0:02:00"]
[BlackClock "0:01:06"]

1. e4 g6 2. d4 Bg7 3. Nc3 d6 4. Nf3 a6 5. Bc4 Nf6 6. a4 O-O 7. O-O Nxe4 8. Nxe4 d5 9. Bd3 dxe4 10. Bxe4 Nd7 11. Ng5 h6 12. Nh3 Nf6 13. Bf3 Bxh3 14. gxh3 c6 15. c3 Qd7 16. Bg2 Rad8 17. Be3 Nd5 18. Qd2 Nxe3 19. fxe3 e5 20. a5 Kh7 21. b4 f5 22. Kh1 f4 23. exf4 exd4 24. cxd4 Qxd4 25. Qc2 Rxf4 26. Rxf4 Qxf4 27. Be4 Bxa1 28. Bxg6+ Kg7 0-1


[Site "https://www.chess.com"]

[Event "Titled Tuesday Blitz April 25 Late 2023"]
[White "Capp, Stephen"]
[Black "Harish, Neeraj"]
[WhiteFideId "2027089"]
[BlackFideId "30958130"]
[WhiteElo "1920"]
[BlackElo "1965"]
[Result "0-1"]
[Round "10"]
[TimeControl "180+2"]
[Date "2023.04.25"]
[WhiteClock "0:00:05"]
[BlackClock "0:00:05"]

1. e4 c5 2. Nc3 Nc6 3. f4 g6 4. Nf3 Bg7 5. Bc4 e6 6. d3 Nge7 7. Bb3 O-O 8. O-O d5 9. e5 f6 10. exf6 Bxf6 11. Ne2 Nf5 12. c3 Bg7 13. Bc2 d4 14. cxd4 cxd4 15. Bb3 Kh8 16. Ng3 Nxg3 17. hxg3 e5 18. Qe2 Bg4 19. Qe4 Bf5 20. Qe2 exf4 21. Bxf4 Nb4 22. Ng5 Bxd3 23. Qg4 Bxf1 24. Qh3 h5 25. Rxf1 Qc8 26. Qh4 Qf5 27. Be6 Qc5 28. Nf7+ Kh7 29. g4 d3+ 30. Kh1 Rxf7 31. Bxf7 Rf8 32. Bb3 d2 33. gxh5 Qxh5 34. Qxh5+ gxh5 35. a3 Bh6 36. Bxd2 Rxf1+ 37. Kh2 Bxd2 38. axb4 Bxb4 39. Bc2+ Kg7 40. Kg3 Rc1 41. Be4 a5 42. Bxb7 Kh6 43. Bd5 Rc2 44. b3 Ra2 45. Bc4 a4 46. bxa4 Rxa4 47. Bd5 Ra3+ 48. Bf3 Kg5 49. Kh3 Bd6 50. g4 h4 51. Kg2 Bg3 52. Be4 Kxg4 53. Bf5+ Kxf5 54. Kh3 Kg5 55. Kg2 Bb8 56. Kh1 Kg4 57. Kg2 Ra2+ 58. Kh1 Kg3 59. Kg1 h3 60. Kh1 Ra1# 0-1


[Site "https://www.chess.com"]

[Event "Titled Tuesday Blitz April 25 Late 2023"]
[White "Smith, Garrett L"]
[Black "Fuentes Godoy, Lilia Ivonne"]
[WhiteFideId "2024829"]
[BlackFideId "5104130"]
[WhiteElo "2047"]
[BlackElo "2096"]
[Result "1-0"]
[Round "10"]
[TimeControl "180+2"]
[Date "2023.04.25"]
[WhiteClock "0:01:53"]
[BlackClock "0:00:29"]

1. e4 c6 2. d4 d5 3. e5 Bf5 4. Nd2 e6 5. Nb3 a5 6. a4 Na6 7. c3 Nc7 8. Nf3 Ne7 9. Be2 Nc8 10. Be3 Be7 11. O-O O-O 12. Ne1 Na6 13. g4 Bg6 14. f4 f6 15. f5 exf5 16. gxf5 Be8 17. Nd3 Nb6 18. Nf4 Nc7 19. Rf3 fxe5 20. dxe5 Rxf5 21. Bxb6 1-0


[Site "https://www.chess.com"]

[Event "Titled Tuesday Blitz April 25 Late 2023"]
[White "De Souza, Cristiano Gomes"]
[Black "Dargan, Paul A G"]
[WhiteFideId "2151758"]
[BlackFideId "416762"]
[WhiteElo "2068"]
[BlackElo "2042"]
[Result "0-1"]
[Round "10"]
[TimeControl "180+2"]
[Date "2023.04.25"]
[WhiteClock "0:00:32"]
[BlackClock "0:01:16"]

1. d4 Nf6 2. c4 e6 3. Nf3 Bb4+ 4. Bd2 Qe7 5. Nc3 Bxc3 6. Bxc3 Ne4 7. Rc1 O-O 8. e3 d6 9. Bd3 Nxc3 10. Rxc3 e5 11. dxe5 dxe5 12. Be2 Nc6 13. O-O Bg4 14. Nxe5 Nxe5 15. Bxg4 Rad8 16. Qe2 Qg5 17. Bf3 Rd2 18. h4 Qg6 19. Be4 Rxe2 20. Bxg6 hxg6 21. Rb3 b6 22. c5 Rd8 23. cxb6 cxb6 24. Ra3 a5 25. Rb3 Rdd2 26. Rxb6 Ng4 27. Rb5 Nxe3 0-1


[Site "https://www.chess.com"]